 Dungeon Crawl Stone Soup version 0.19.1 (webtiles) character file.

5520 JeffiDaFish the Protected (level 10, -4/64 HPs)
             Began as a Gargoyle Fighter on Nov 30, 2016.
             Was a Priest of Makhleb.
             Slain by Fannar
             ... wielding an uncursed staff of cold
              (7 damage)
             ... on level 1 of the Lair of Beasts.
             The game lasted 00:28:01 (9122 turns).

JeffiDaFish the Protected (Gargoyle Fighter)        Turns: 9122, Time: 00:28:03

Health: -4/64      AC: 23    Str: 28    XL:     10   Next: 70%
Magic:  8/8        EV:  7    Int:  8    God:    Makhleb [***...]
Gold:   276        SH: 12    Dex: 12    Spells: 1 memorised, 15 levels left

rFire  . . .     SeeInvis +     A - +10 mace of the Desert {antimagic, MR+ MP+9 Stlth+}
rCold  . . .     Gourm    .     a - +0 plate armour
rNeg   + . .     Faith    .     c - +0 shield
rPois  ∞         Spirit   .     (no helmet)
rElec  +         Reflect  .     (no cloak)
rCorr  .         Harm     .     q - +0 pair of gloves
MR     +....                    u - +0 pair of boots
Stlth  ..........               (no amulet)
                                i - ring of see invisible
                                B - +5 ring of strength

@: no status effects
A: negative energy resistance 1, electricity resistance, strong 1, unbreathing,
petrification resistance, rot immunity, AC +7
a: Minor Destruction, Lesser Servant of Makhleb, Renounce Religion


You were on level 1 of the Lair of Beasts.
You worshipped Makhleb.
Makhleb was most pleased with you.
You were hungry.

You visited 3 branches of the dungeon, and saw 12 of its levels.
You also visited: Sewer.

You collected 476 gold pieces.
You spent 200 gold pieces at shops.

Inventory:

Hand Weapons
 A - the +10 mace of the Desert (weapon) {antimagic, MR+ MP+9 Stlth+}
   (You bought it in a shop on level 6 of the Dungeon)

   It reduces the magical energy of the wielder, and disrupts the spells and
   magical abilities of those hit.
   Natural abilities and divine invocations are not affected.
   It affects your resistance to hostile enchantments.
   It affects your magic capacity (+9).
   It makes you more stealthy.
Armour
 a - a +0 plate armour (worn)
 c - a +0 shield (worn)
 q - a +0 pair of gloves (worn)
 u - a +0 pair of boots (worn)
Jewellery
 i - a ring of see invisible (right hand)
 r - an uncursed ring of resist corrosion
 B - a +5 ring of strength (left hand)
Wands
 s - a wand of teleportation (3/9)
Scrolls
 b - a scroll of enchant weapon
 e - 7 scrolls of remove curse
 j - a scroll of magic mapping
 m - 3 scrolls of identify
 w - 2 scrolls of fear
 y - a scroll of teleportation
Potions
 h - a potion of resistance
 o - 3 potions of curing
 v - 5 potions of brilliance
 x - 3 potions of might
Books
 d - a book of Cantrips

   Spells                             Type                      Level
   a - Confusing Touch                Hexes                        1
   b - Animate Skeleton               Necromancy                   1
   c - Summon Small Mammal            Summoning                    1
   d - Apportation                    Translocation                1
 l - a book of Necromancy

   Spells                             Type                      Level
   a - Pain                           Necromancy                   1
   b - Animate Skeleton               Necromancy                   1
   c - Vampiric Draining              Necromancy                   3
   d - Regeneration                   Charms/Necromancy            3
   e - Animate Dead                   Necromancy                   4
   f - Control Undead                 Necromancy                   4
 t - a book of Conjurations

   Spells                             Type                      Level
   a - Magic Dart                     Conjuration                  1
   b - Searing Ray                    Conjuration                  2
   c - Dazzling Spray                 Conjuration/Hexes            3
   d - Fulminant Prism                Conjuration/Hexes            4
   e - Iskenderun's Mystic Blast      Conjuration                  4
   f - Iskenderun's Battlesphere      Conjuration/Charms           5
Comestibles
 f - 6 bread rations
 g - 6 meat rations
 k - 16 fruits


   Skills:
 * Level 8.1 Fighting
 * Level 8.1 Maces & Flails
 * Level 8.7 Armour
 - Level 1.5 Dodging
 - Level 0.2 Stealth
 * Level 7.7 Shields
 + Level 3.5 Spellcasting
 + Level 3.5 Necromancy


You had 15 spell levels left.
You knew the following spells:

 Your Spells              Type           Power        Failure   Level  Hunger
a - Animate Skeleton      Necr           N/A          99%         1    ##.....


Dungeon Overview and Level Annotations

Branches:
Dungeon (10/15)            Temple (1/1) D:4            Lair (1/6) D:8
    Orc: D:9-12

Altars:
Fedhas
Gozag
Hepliaklqana
Kikubaaqudgha
Makhleb
Nemelex Xobeh
Okawaru
Qazlal
Ru
Sif Muna
Trog
Uskayaw
Vehumet
Xom
Yredelemnul
Zin
The Shining One

Shops:
D:6 (

Annotations:
Lair:1 Fannar


Innate Abilities, Weirdness & Mutations

You are resistant to torment.
Your stone body is resilient. (AC +7)
You are immune to poison.
You resist negative energy. (rN+)
You are resistant to electric shocks. (rElec)
You can survive without breathing.
You are immune to petrification.
You are immune to rotting.
Your muscles are strong. (Str +2)


Message History

You thump the ice beast!
The ice beast is severely wounded.
The ice beast hits you but does no damage.
You sock the ice beast!
You kill the ice beast!
You closely miss Fannar.
Fannar is heavily wounded.
Fannar casts a spell at you. The bolt of cold hits you!
* * * LOW HITPOINT WARNING * * *
You closely miss Fannar.
Fannar is heavily wounded.
Fannar hits you but does no damage.
You hit Fannar.
Fannar's magic leaks into the air.
Fannar is severely wounded.
Some snowflakes condense on Fannar.
Fannar hits you with a staff of cold.
* * * LOW HITPOINT WARNING * * *
Fannar freezes you!
You die...

.............## #..##
..............# #..#
.P............# #..##
.............## #...#
...........<.# ##..##
.............# #...#
.............## ####..#
..............###.##..#
..............Ye@.....#
.............#.#P####.#
.######P##..###### #.#
..# ###...# #.# .##
##..# .# .## #... .#
.P# #..# .# .## #..# .#
#...


You could see Fannar and an ice beast.

Vanquished Creatures
  The ghost of FelipeSwartz the Slasher, a novice DsAK of Lugonu (D:5)
  3 spiny frogs (Lair:1)
  A komodo dragon (Lair:1)
  A centaur skeleton (D:9)
  A hippogriff (D:9)
  A yak (D:8)
  Menkaure (D:4)
  Edmund (D:4)
  A porcupine (Lair:1)
  3 water moccasins
  An orc warrior (D:6)
  A black bear (D:8)
  A phantom (D:6)
  4 centaurs
  A crocodile (Lair:1)
  2 bullfrogs (Lair:1)
  A gnoll sergeant (D:9)
  6 killer bees (D:8)
  3 wights (D:8)
  4 howler monkeys
  3 electric eels (D:7)
  4 crimson imps
  5 hounds
  A jelly (D:9)
  5 orc priests (D:8)
  3 iguanas
  Natasha (thrice) (D:2)
  3 orc wizards
  A hell rat (D:8)
  2 worker ants
  A killer bee zombie (D:7)
  A hound skeleton (D:8)
  5 gnolls
  10 adders
  A howler monkey skeleton (D:8)
  A shadow imp (D:8)
  2 oozes
  An adder zombie (D:6)
  A dart slug (D:4)
  6 leopard geckos
  22 orcs
  8 ball pythons
  9 bats
  17 giant cockroaches
  20 goblins
  12 hobgoblins
  17 jackals
  4 quokkas
  10 frilled lizards
  15 kobolds
  2 leopard gecko skeletons
  A quokka skeleton (D:9)
  14 rats
  A plant (Sewer)
249 creatures vanquished.

Vanquished Creatures (collateral kills)
  A hungry ghost (D:8)
  A hound (D:8)
  A rat (D:8)
3 creatures vanquished.

Vanquished Creatures (others)
  A fungus (Lair:1)
1 creature vanquished.

Grand Total: 253 creatures vanquished

Notes
Turn   | Place    | Note
-------+----------+-------------------------------------------
     0 | D:1      | JeffiDaFish the Gargoyle Fighter began the quest for the Orb.
     0 | D:1      | Reached XP level 1. HP: 14/14 MP: 1/1
    78 | D:1      | Reached XP level 2. HP: 3/19 MP: 2/2
   587 | D:1      | Reached XP level 3. HP: 23/23 MP: 3/3
  1213 | D:2      | Found a sacrificial altar of Ru.
  1272 | D:2      | Noticed Natasha
  1278 | D:2      | Killed Natasha
  1278 | D:2      | Reached XP level 4. HP: 25/28 MP: 4/4
  1438 | D:2      | Noticed Natasha
  1446 | D:2      | Killed Natasha
  1723 | D:2      | Found a glowing silver altar of Zin.
  1723 | D:2      | Found an opulent altar of Gozag.
  1819 | D:2      | Reached XP level 5. HP: 30/33 MP: 5/5
  1987 | D:2      | Noticed Natasha
  1996 | D:2      | Killed Natasha
  2215 | D:3      | Found a shimmering altar of Xom.
  2239 | D:3      | Reached skill level 1 in Dodging
  2519 | D:3      | Noticed a centaur
  2531 | D:3      | Killed a centaur
  2531 | D:3      | Reached XP level 6. HP: 16/38 MP: 6/6
  3094 | D:4      | Noticed Menkaure
  3102 | D:4      | Killed Menkaure
  3102 | D:4      | Reached XP level 7. HP: 6/44 MP: 7/7
  3531 | D:4      | Reached skill level 5 in Maces & Flails
  3755 | D:4      | Learned a level 1 spell: Animate Skeleton
  3859 | D:4      | Noticed Edmund
  3872 | D:4      | Killed Edmund
  3872 | D:4      | Reached skill level 5 in Shields
  4116 | D:4      | Found a staircase to the Ecumenical Temple.
  4118 | D:4      | Found a radiant altar of Vehumet.
  4126 | Temple   | Entered the Ecumenical Temple
  4166 | Temple   | Became a worshipper of Makhleb the Destroyer
  4357 | D:5      | Entered Level 5 of the Dungeon
  4358 | D:5      | Noticed FelipeSwartz's ghost (novice DsAK)
  4369 | D:5      | Killed FelipeSwartz's ghost
  4369 | D:5      | Reached skill level 5 in Fighting
  4369 | D:5      | Reached skill level 5 in Armour
  4369 | D:5      | Reached skill level 1 in Spellcasting
  4369 | D:5      | Reached skill level 1 in Necromancy
  4369 | D:5      | Reached XP level 8. HP: 50/50 MP: 8/10
  4682 | D:5      | Found a glowing drain.
  4712 | Sewer    | Entered a sewer
  4792 | Sewer    | Reached * piety under Makhleb
  5421 | D:5      | Found a shimmering altar of Xom.
  5557 | D:6      | Gained mutation: Your muscles are strong. (Str +2) [potion of beneficial mutation]
  5776 | D:6      | Found Ehuhaly's Antique Weapon Emporium.
  5858 | D:6      | Bought a translucent mace for 200 gold pieces
  5858 | D:6      | Identified the +10 mace of the Desert {antimagic, MR+ MP+9 Stlth+} (You bought it in a shop on level 6 of the Dungeon)
  6378 | D:7      | Reached XP level 9. HP: 32/55 MP: 7/12
  6654 | D:7      | Reached ** piety under Makhleb
  6723 | D:7      | You fall through a shaft for 3 floors!
  6723 | D:10     | Entered Level 10 of the Dungeon
  7294 | D:8      | Found a staircase to the Lair.
  7359 | D:8      | Reached XP level 10. HP: 62/63 MP: 7/14
  7440 | D:8      | Found a deep blue altar of Sif Muna.
  7444 | D:8      | Found a bloodstained altar of Trog.
  7544 | D:8      | Reached *** piety under Makhleb
  7868 | D:8      | Found a glowing golden altar of the Shining One.
  8604 | Lair:1   | Entered Level 1 of the Lair of Beasts
  8615 | Lair:1   | Noticed a spiny frog
  8624 | Lair:1   | Killed a spiny frog
  8842 | Lair:1   | Noticed a spiny frog
  8849 | Lair:1   | Killed a spiny frog
  9029 | Lair:1   | Noticed a spiny frog
  9035 | Lair:1   | Killed a spiny frog
  9058 | Lair:1   | Noticed Fannar
  9120 | Lair:1   | HP: 3/64 [Fannar/bolt of cold (11)]
  9122 | Lair:1   | Slain by Fannar

Skill      XL: |  1  2  3  4  5  6  7  8  9 10 |
---------------+-------------------------------+-----
Maces & Flails | 3 4 5 6 7 8 |  8.1
Armour         | 4 5 6 7 8 |  8.7
Shields        | 4 5 6 7 |  7.7
Fighting       | 4 5 6 7 8 |  8.1
Dodging        | 1 |  1.5
Spellcasting   | 1 2 3 |  3.5
Necromancy     | 1 2 3 |  3.5
Stealth        | |  0.2

Action                   |  1- 3 |  4- 6 |  7- 9 | 10-12 || total
-------------------------+-------+-------+-------+-------++-------
Melee: Flail             |   167 |   238 |    57 |       ||   462
       Dire flail        |       |       |   155 |       ||   155
       Mace              |       |       |   192 |   173 ||   365
Evoke: Wand              |       |       |     1 |       ||     1
  Use: Scroll            |     8 |     1 |    10 |     1 ||    20
       Potion            |     2 |     4 |     8 |     2 ||    16
  Eat: Chunk             |     2 |     6 |    16 |     4 ||    28
       Beef jerky        |       |       |       |     1 ||     1
Armor: Scale mail        |    93 |   155 |   128 |       ||   376
       Plate armour      |       |       |   137 |    81 ||   218
Dodge: Dodged            |    40 |    93 |   135 |    30 ||   298
Block: Shield            |    77 |   139 |   155 |    81 ||   452
